 Dungeon Crawl Stone Soup version 0.31-a0-851-g7ff8af7976 (webtiles) character file.

Game seed: 18139473288065875118

27976 croobank the Covert (level 13, -6/104 HPs)
             Began as a Gnoll Delver on Oct 5, 2023.
             Was an Initiate of Gozag.
             Mangled by a six-headed hydra (13 damage)
             ... on level 1 of the Lair of Beasts.
             The game lasted 02:17:46 (16748 turns).

croobank the Covert (Gnoll Delver)                 Turns: 16748, Time: 02:17:47

Health: -6/104     AC:  4    Str: 11    XL:     13   Next: 35%
Magic:  25/25      EV: 15    Int: 13    God:    Gozag
Gold:   1915       SH:  8    Dex: 13    Spells: 15/28 levels left

rFire   . . .        a - +6 shillelagh "Devastator" {shatter}
rCold   . . .        b - +1 buckler
rNeg    . . .        M - +0 leather armour of Contumacious Curiosity {rElec Will+++ rCorr Dex-3}
rPois   +            (helmet currently unavailable)
rElec   +            (cloak currently unavailable)
rCorr   +            n - melded +0 pair of gloves
SInv    .            (boots currently unavailable)
Will    +++..        y - amulet of the Air {Inacc Air Fly rElec RMsl}
Stlth   +++++        z - +4 ring of slaying
HPRegen 0.37/turn    K - ring of poison resistance
MPRegen 0.19/turn

%: inaccuracy (-5), repel missiles
@: beast-form, flying, studying Shields
A: beast (slay +4), fangs 1, strong nose, distributed training
a: Begin Untransformation, Renounce Religion, Potion Petition, Call Merchant,
Bribe Branch


You were on level 1 of the Lair of Beasts.
You worshipped Gozag.
Gozag was most pleased with you.
You were a hulking beast.
You visited 2 branches of the dungeon, and saw 13 of its levels.
You also visited: Ossuary and Ice Cave.

You collected 3190 gold pieces.
You spent 1144 gold pieces at shops.
You paid 131 gold pieces to Gozag.

Inventory:

Hand Weapons
 a - the +6 shillelagh "Devastator" (weapon) {shatter}
   (You found it on level 7 of the Dungeon)
 s - a +2 scimitar of flaming
 E - a +3 short sword of speed
 P - the +4 long sword of Kaasa {flame, rElec Str+6 Stlth-}
   (You bought it in a shop on level 12 of the Dungeon)

   Str+6:     It affects your strength (+6).
   rElec:     It insulates you from electricity.
   Stlth-:    It makes you less stealthy.
Missiles
 h - 8 boomerangs (quivered)
 l - 4 curare-tipped darts
 O - 6 atropa-tipped darts
Armour
 b - a +1 buckler (worn)
 m - the +0 leather armour "Uhuh" {Int+6 Stlth+}
   (You found it on level 2 of the Dungeon)

   Int+6:     It affects your intelligence (+6).
   Stlth+:    It makes you more stealthy.
 n - a +0 pair of gloves (melded)
 H - a +2 cloak of preservation
 M - the +0 leather armour of Contumacious Curiosity (worn) {rElec Will+++ rCorr Dex-3}
   (You bought it in a shop on level 12 of the Dungeon)

   Dex-3:     It affects your dexterity (-3).
   rElec:     It insulates you from electricity.
   Will+++:   It greatly increases your willpower.
   rCorr:     It protects you from acid and corrosion.
 N - a +2 robe of positive energy
 Q - a +4 ring mail
Magical Staves
 f - a staff of air
Jewellery
 r - a ring of see invisible
 u - a ring of resist corrosion
 x - a ring of ice
 y - the amulet of the Air (around neck) {Inacc Air Fly rElec RMsl}
   (You took it off a wight on level 8 of the Dungeon)

   [amulet of nothing]

   Inacc:     It reduces the accuracy of your attacks and spells.
   Air:       It enhances your air magic.
   rElec:     It insulates you from electricity.
   Fly:       It grants you flight.
   RMsl:      It protects you from missiles.
 z - a +4 ring of slaying (left hand)
 C - an amulet of the acrobat
 I - a ring of positive energy
 J - the ring of the Lily {Wiz Int+3}
   (You found it on level 8 of the Dungeon)

   [ring of wizardry]

   Wiz:       It improves your spell success rate.
   Int+3:     It affects your intelligence (+3).
 K - a ring of poison resistance (right hand)
 L - a +5 ring of evasion
Talismans
 X - a blade talisman
Wands
 g - a wand of digging (3)
 o - a wand of quicksilver (2)
 q - a wand of iceblast (5)
 t - a wand of charming (10)
 w - a wand of flame (10)
 U - a wand of mindburst (3)
Scrolls
 c - 2 scrolls of fog
 d - 4 scrolls of revelation
 e - 4 scrolls of fear
 j - 8 scrolls of teleportation
 v - 3 scrolls of vulnerability
 G - 2 scrolls of amnesia
 R - 3 scrolls of immolation
 Z - 2 scrolls of blinking
Potions
 i - a potion of berserk rage
 k - a potion of heal wounds
 p - 3 potions of resistance
 A - 6 potions of curing
 B - 8 potions of attraction
 F - a potion of enlightenment
 S - a potion of mutation
 T - 2 potions of lignification
 V - 2 potions of magic
 W - a potion of might
 Y - 3 potions of ambrosia
Miscellaneous
 D - a sack of spiders


   Skills:
 + Level 10.6 Fighting
 + Level 9.6 Short Blades
 + Level 8.3 Long Blades
 + Level 8.3 Axes
 + Level 8.3 Maces & Flails
 + Level 8.3 Polearms
 + Level 8.3 Staves
 + Level 8.3 Ranged Weapons
 + Level 8.3 Throwing
 + Level 8.3 Armour
 + Level 9.6 Dodging
 + Level 12.6 Stealth
 + Level 11.8 Shields
 + Level 8.3 Unarmed Combat
 + Level 8.3 Spellcasting
 + Level 7.0 Conjurations
 + Level 7.0 Hexes
 + Level 7.0 Summonings
 + Level 7.0 Necromancy
 + Level 7.0 Translocations
 + Level 7.0 Transmutations
 + Level 7.0 Fire Magic
 + Level 7.0 Ice Magic
 + Level 7.0 Air Magic
 + Level 7.0 Earth Magic
 + Level 7.0 Poison Magic
 + Level 9.1 Invocations
 + Level 8.3 Evocations
 + Level 7.6 Shapeshifting


You had 15 spell levels left.
You knew the following spells:

 Your Spells              Type           Power      Damage    Failure   Level
a - Slow                  Hex            92%        N/A       1%          1
b - Confusing Touch       Hex            23%        N/A       3%          3
c - Freezing Cloud        Conj/Ice/Air   17%        6-21      32%         5
d - Iskenderun's Mystic   Conj/Tloc      23%        2d6       12%         4

Your spell library contained the following spells:

 Spells                   Type           Power      Damage    Failure   Level
 Apportation              Tloc           46%        N/A       1%          1
 Magic Dart               Conj           92%        1d7       1%          1
 Necrotise                Necr           92%        1d8       1%          1
 Summon Small Mammal      Summ           92%        N/A       1%          1
 Blink                    Tloc           46%        N/A       1%          2
 Searing Ray              Conj           46%        2d6       1%          2
 Static Discharge         Conj/Air       70%        2-5/arc   1%          2
 Inner Flame              Hex/Fire       23%        N/A       3%          3
 Sigil of Binding         Hex            23%        N/A       3%          3
 Tukima's Dance           Hex            23%        N/A       3%          3
 Vampiric Draining        Necr           23%        2d7       3%          3
 Brom's Barrelling Bould  Conj/Erth      23%        2d4       12%         4
 Dimensional Bullseye     Hex/Tloc       11%        N/A       12%         4
 Flame Wave               Conj/Fire      23%        2d8       12%         4
 Fulminant Prism          Conj/Hex       11%        3d8       12%         4
 Leda's Liquefaction      Hex/Erth       11%        N/A       12%         4
 Manifold Assault         Tloc           23%        N/A       12%         4
 Sticky Flame             Conj/Fire      23%        2d4       12%         4


Dungeon Overview and Level Annotations

Branches:
Dungeon (12/15)            Temple (0/1) D:7            Lair (1/5) D:8
    Orc (0/2) D:11        Ossuary (visited)           IceCv (visited)

Altars:
Elyvilon
Gozag
Kikubaaqudgha
Makhleb
Nemelex Xobeh
Qazlal
Ru
Sif Muna
Uskayaw
Xom
Zin
The Shining One

Shops:
D:5 **   D:12 ([=:

Annotations:
D:3 3 runed translucent doors, justen's ghost, amateur HOFi
D:5 3 runed translucent doors, GreenGuy14's ghost, novice MiGl
D:12 3 runed translucent doors, Danienth's ghost, journeyman TrSh


Innate Abilities, Weirdness & Mutations

You are a hulking beast.
Your limbs bulge with bestial killing power. (Slay +4)
You have very sharp teeth.
Your uncanny sense of smell can sniff out nearby items.
Your experience applies equally to all skills.


Message History

A blink frog comes into view.
The black mamba closely misses you.
The basilisk hisses angrily.
You hit the black mamba.
The black mamba and the wyvern shudder.
The black mamba is lightly wounded. x2
The black mamba bites you!!
The blink frog blinks!
A blink frog comes into view.
The boulder beetle stops rolling and uncurls.
You block the black mamba's attack. The blink frog hits you!
The wyvern hisses menacingly.
The black mamba attacks as it pursues you!
The black mamba bites you! x2; The blink frog barely misses you.
The boulder beetle leaps!
The blink frog croaks.
The blink frog blinks!
The black mamba bites you!
The wyvern hisses menacingly.
The black mamba completely misses you.
The black mamba bites you but does no damage.
The blink frog blinks!
The six-headed hydra bites you.
* * * LOW HITPOINT WARNING * * *
The six-headed hydra closely misses you.
The six-headed hydra barely misses you. The six-headed hydra bites you!
* * * LOW HITPOINT WARNING * * *
The six-headed hydra bites you.
* * * LOW HITPOINT WARNING * * *
The six-headed hydra bites you.
* * * LOW HITPOINT WARNING * * *
The black mamba barely misses you. The wyvern barely misses you.
You sock the wyvern!
There is a shattering impact!
The blink frog is heavily wounded.
The black mamba is severely wounded.
The six-headed hydra is heavily wounded.
The water moccasin is severely wounded.
The wyvern is heavily wounded.
The black mamba bites you.
* * * LOW HITPOINT WARNING * * *
The six-headed hydra completely misses you.
The six-headed hydra barely misses you. The six-headed hydra bites you!
You die...
Your body crumbles into a pile of gold.

#... .## .. ##≈.≈# ..# ..
#≈≈≈≈≈##.## P. h≈~≈≈≈≈#..# .... ∆
#≈~~l≈S#.# ...... #~~≈F≈...#
...... ∆$B~≈≈F≈lS## ...... .
###~!$l≈≈##FD# ...... .
####.##$!~###Sh## ......
###.....#####....# ...#..
..#......###..#### #...
..........'.F....# . #...
.........##......# ..+...
.........##......# #.........
.........#P......# ##.....#...
....PP####.......# #..........
.##+#####.#......#######.....#...


You could see a six-headed hydra, a black mamba, 2 blink frogs, a water
moccasin, a wyvern and an electric eel.

Vanquished Creatures
  A hydra (D:8)
  A centaur warrior (D:11)
  5 two-headed ogres
  Erica (D:8)
  A deep elf pyromancer (D:12)
  A manticore (D:12)
  An orc sorcerer (D:10)
  2 ugly things
  2 cyclopes
  2 ice statues (IceCv)
  Maurice (D:9)
  Maggie (D:7)
  2 gargoyles
  Jeremiah (D:8)
  3 cane toads (Lair:1)
  A komodo dragon (Lair:1)
  An efreet (D:10)
  A rime drake (Lair:1)
  A freezing wraith (IceCv)
  5 trolls
  A hornet (D:6)
  Sigmund (D:5)
  6 slime creatures (D:12)
  25 yaks
  5 water elementals
  A shadow (D:11)
  2 wraiths
  2 wyverns
  3 steam dragons (D:8)
  6 vampire mosquitoes
  Menkaure (D:7)
  Edmund (D:5)
  3 acid dragons
  A water moccasin (D:7)
  Duvessa (D:6)
  7 orc warriors
  3 ice beasts
  A black bear (D:5)
  3 sky beasts
  5 centaurs
  4 wolves (Lair:1)
  A phantom (D:4)
  2 kobold brigands (D:8)
  9 bullfrogs
  3 water moccasin zombies (Ossuary)
  4 scorpions
  2 two-headed ogre simulacra (D:12)
  A cane toad simulacrum (D:12)
  15 wights
  Dowan (D:6)
  9 killer bees
  An elephant simulacrum (IceCv)
  3 electric eels (D:11)
  2 vampire bats (D:3)
  4 howler monkeys
  5 centaur zombies (Ossuary)
  6 bullfrog zombies (Ossuary)
  A jelly (D:5)
  A sleepcap (D:3)
  A gnoll bouda (D:7)
  5 hounds
  12 orc priests
  6 iguanas
  16 mummies (Ossuary)
  24 orc wizards
  A polar bear simulacrum (D:12)
  2 spriggan simulacra (D:12)
  3 killer bee zombies (Ossuary)
  A wolf simulacrum (IceCv)
  2 howler monkey zombies (Ossuary)
  3 gnolls (D:7)
  2 naga simulacra (D:12)
  12 adders
  A shadow imp (D:5)
  2 white imps
  A worm (D:5)
  55 orcs
  10 ball pythons
  2 bat skeletons (D:3)
  4 bat zombies (D:3)
  5 endoplasms
  7 giant cockroaches
  10 goblins
  9 hobgoblins
  3 jackals (D:1)
  3 quokkas
  2 bats
  7 frilled lizards
  19 kobolds
416 creatures vanquished.

Vanquished Creatures (others)
  A bullfrog (D:8)
  An orc wizard (D:6)
2 creatures vanquished.

Grand Total: 418 creatures vanquished

Notes
Turn   | Place    | Note
-------+----------+-------------------------------------------
     0 | D:5      | Reached skill level 9 in Stealth
     0 | D:5      | croobank the Gnoll Delver began the quest for the Orb.
     0 | D:5      | Reached XP level 1. HP: 23/23 MP: 1/1
    11 | D:6      | Noticed a hound
    18 | D:6      | Noticed a scorpion
    30 | D:5      | Noticed a scorpion
    31 | D:5      | Noticed a black bear
    70 | D:5      | Noticed an iguana
    77 | D:4      | Found a stormy altar of Qazlal.
   202 | D:3      | Reached XP level 2. HP: 29/29 MP: 2/2
   307 | D:2      | Reached skill level 1 in Shields
   442 | D:1      | Reached XP level 3. HP: 35/35 MP: 3/3
   450 | D:1      | Upgraded the game from 0.31-a0-848-gaac375c287 to
                  | 0.31-a0-851-g7ff8af7976
   595 | D:1      | Reached skill level 1 in Invocations
  1128 | D:2      | Reached skill level 1 in Long Blades
  1128 | D:2      | Reached skill level 1 in Axes
  1128 | D:2      | Reached skill level 1 in Maces & Flails
  1128 | D:2      | Reached skill level 1 in Polearms
  1128 | D:2      | Reached skill level 1 in Staves
  1128 | D:2      | Reached skill level 1 in Ranged Weapons
  1128 | D:2      | Reached skill level 1 in Throwing
  1128 | D:2      | Reached skill level 1 in Armour
  1128 | D:2      | Reached skill level 1 in Unarmed Combat
  1128 | D:2      | Reached skill level 1 in Spellcasting
  1128 | D:2      | Reached skill level 1 in Evocations
  1246 | D:2      | Reached skill level 1 in Shapeshifting
  1246 | D:2      | Reached XP level 4. HP: 41/41 MP: 5/5
  1399 | D:2      | Identified the +0 leather armour "Uhuh" {Int+6 Stlth+}
  1497 | D:2      | Reached skill level 1 in Conjurations
  1497 | D:2      | Reached skill level 1 in Hexes
  1497 | D:2      | Reached skill level 1 in Summonings
  1497 | D:2      | Reached skill level 1 in Necromancy
  1497 | D:2      | Reached skill level 1 in Translocations
  1497 | D:2      | Reached skill level 1 in Transmutations
  1497 | D:2      | Reached skill level 1 in Fire Magic
  1497 | D:2      | Reached skill level 1 in Ice Magic
  1497 | D:2      | Reached skill level 1 in Air Magic
  1497 | D:2      | Reached skill level 1 in Earth Magic
  1497 | D:2      | Reached skill level 1 in Poison Magic
  2392 | D:3      | Reached XP level 5. HP: 47/47 MP: 5/7
  2538 | D:3      | Found a white marble altar of Elyvilon.
  2538 | D:3      | Found a glowing golden altar of the Shining One.
  2538 | D:3      | Found a glowing silver altar of Zin.
  2886 | D:3      | Found an ancient bone altar of Kikubaaqudgha.
  2909 | D:3      | Reached XP level 6. HP: 50/53 MP: 8/8
  2952 | D:3      | Found a burning altar of Makhleb.
  2957 | D:3      | Reached skill level 5 in Short Blades
  2957 | D:3      | Reached skill level 5 in Dodging
  3335 | D:3      | Found a runed translucent gate.
  3335 | D:3      | Found a runed translucent gate.
  3335 | D:3      | Found a runed translucent gate.
  3336 | D:3      | Noticed justen's ghost (amateur HOFi)
  3439 | D:4      | Reached XP level 7. HP: 52/59 MP: 10/10
  3967 | D:4      | Found a sacrificial altar of Ru.
  4140 | D:5      | Reached skill level 10 in Stealth
  4564 | D:5      | Reached XP level 8. HP: 44/67 MP: 12/12
  4652 | D:5      | Found Cinemi's General Store.
  4658 | D:5      | Found Qunnor's Specific Store.
  4662 | D:5      | Bought a scroll of identify for 22 gold pieces
  5254 | D:5      | Reached skill level 5 in Shields
  5448 | D:5      | Found a runed translucent gate.
  5450 | D:5      | Found a runed translucent gate.
  5450 | D:5      | Found a runed translucent gate.
  5452 | D:5      | Noticed GreenGuy14's ghost (novice MiGl)
  5622 | D:5      | Noticed Edmund
  5624 | D:5      | Noticed Sigmund
  5634 | D:5      | Killed Edmund
  5638 | D:5      | Killed Sigmund
  5639 | D:5      | Reached XP level 9. HP: 67/73 MP: 14/14
  5956 | D:6      | Noticed a hornet
  5962 | D:6      | Killed a hornet
  5992 | D:6      | Noticed Dowan
  6396 | D:6      | Found a sparkling altar of Nemelex Xobeh.
  6466 | D:6      | Found an opulent altar of Gozag.
  6469 | D:6      | Became a worshipper of Gozag Ym Sagoz the Greedy
  6530 | D:6      | Noticed Duvessa
  6539 | D:6      | Killed Duvessa
  6559 | D:6      | Killed Dowan
  6796 | D:7      | Noticed a two-headed ogre
  6798 | D:7      | Noticed a gargoyle
  6798 | D:7      | Found the +6 shillelagh "Devastator" {shatter}
  6798 | D:7      | Noticed a two-headed ogre
  6827 | D:6      | Killed a two-headed ogre
  6828 | D:6      | Reached skill level 5 in Invocations
  6986 | D:7      | Killed a two-headed ogre
  6987 | D:7      | Reached skill level 5 in Long Blades
  6987 | D:7      | Reached skill level 5 in Axes
  6987 | D:7      | Reached skill level 5 in Maces & Flails
  6987 | D:7      | Reached skill level 5 in Polearms
  6987 | D:7      | Reached skill level 5 in Staves
  6987 | D:7      | Reached skill level 5 in Ranged Weapons
  6987 | D:7      | Reached skill level 5 in Throwing
  6987 | D:7      | Reached skill level 5 in Armour
  6987 | D:7      | Reached skill level 5 in Unarmed Combat
  6987 | D:7      | Reached skill level 5 in Spellcasting
  6987 | D:7      | Reached skill level 5 in Evocations
  6987 | D:7      | Reached XP level 10. HP: 81/81 MP: 17/17
  7011 | D:7      | Killed a gargoyle
  7481 | D:7      | Found a staircase to the Ecumenical Temple.
  7603 | D:7      | Noticed Maggie
  7612 | D:7      | Reached skill level 11 in Stealth
  7618 | D:7      | Killed Maggie
  7875 | D:7      | Noticed Menkaure
  7881 | D:7      | Killed Menkaure
  7882 | D:7      | Reached skill level 5 in Shapeshifting
  8135 | D:8      | Found a shimmering altar of Xom.
  8137 | D:8      | Found a sand-covered staircase.
  8152 | Ossuary  | Entered an ossuary
  8517 | D:8      | Found a staircase to the Lair.
  8861 | D:8      | Identified the +4 chain mail of the Cockroach {Str+3}
  8883 | D:8      | Noticed Erica
  8891 | D:8      | Killed Erica
  8892 | D:8      | Reached skill level 5 in Conjurations
  8892 | D:8      | Reached skill level 5 in Hexes
  8892 | D:8      | Reached skill level 5 in Summonings
  8892 | D:8      | Reached skill level 5 in Necromancy
  8892 | D:8      | Reached skill level 5 in Translocations
  8892 | D:8      | Reached skill level 5 in Transmutations
  8892 | D:8      | Reached skill level 5 in Fire Magic
  8892 | D:8      | Reached skill level 5 in Ice Magic
  8892 | D:8      | Reached skill level 5 in Air Magic
  8892 | D:8      | Reached skill level 5 in Earth Magic
  8892 | D:8      | Reached skill level 5 in Poison Magic
  8892 | D:8      | Reached XP level 11. HP: 57/89 MP: 18/20
  9875 | D:9      | Noticed Maurice
  9878 | D:9      | Maurice stole a maw talisman
  9881 | D:9      | Killed Maurice
  9962 | D:9      | Learned a level 1 spell: Slow
  9966 | D:9      | Learned a level 3 spell: Confusing Touch
 10044 | D:8      | Noticed Jeremiah
 10047 | D:8      | Killed Jeremiah
 10189 | D:8      | Noticed a two-headed ogre
 10198 | D:8      | Killed a two-headed ogre
 10639 | D:8      | Noticed a six-headed hydra
 10640 | D:8      | Noticed a cyclops
 10643 | D:8      | Killed a six-headed hydra
 10648 | D:8      | Killed a cyclops
 10653 | D:8      | Identified the ring of the Lily {Wiz Int+3}
 11156 | D:10     | Entered Level 10 of the Dungeon
 11165 | D:10     | Noticed an orc sorcerer
 11173 | D:10     | Reached skill level 10 in Shields
 11173 | D:10     | Reached XP level 12. HP: 62/96 MP: 22/22
 11343 | D:10     | Got an embossed book
 11431 | D:10     | Found a hide-covered altar of Uskayaw.
 12057 | D:10     | Found a shimmering blue altar of Sif Muna.
 12079 | D:10     | Learned a level 5 spell: Freezing Cloud
 12187 | D:11     | Reached skill level 12 in Stealth
 13010 | D:11     | Noticed a two-headed ogre
 13020 | D:11     | Killed a two-headed ogre
 13021 | D:11     | Reached skill level 10 in Fighting
 13167 | D:11     | Noticed a centaur warrior
 13177 | D:11     | Killed a centaur warrior
 13569 | D:11     | Found a staircase to the Orcish Mines.
 13742 | D:12     | Found a frozen archway.
 13796 | IceCv    | Entered an ice cave
 13902 | IceCv    | Found a transporter.
 13915 | IceCv    | Found a transporter.
 14647 | D:12     | Found a runed translucent gate.
 14650 | D:12     | Found a runed translucent gate.
 14651 | D:12     | Found a runed translucent gate.
 14651 | D:12     | Noticed Danienth's ghost (journeyman TrSh)
 14670 | D:12     | Identified the +1 robe of Oxedaeph {Drain rF+ rC+ SInv}
 14674 | D:12     | Found Qaddoeme's Book Boutique.
 14716 | D:12     | Learned a level 4 spell: Iskenderun's Mystic Blast
 14763 | D:12     | Reached XP level 13. HP: 27/104 MP: 24/24
 15001 | D:12     | Found Qunafusm's Jewellery Shoppe.
 15025 | D:12     | Bought a ring of poison resistance for 280 gold pieces
 15189 | D:12     | Found Xenlol's Armour Emporium.
 15199 | D:12     | Bought the +0 leather armour of Contumacious Curiosity
                  | {rElec Will+++ rCorr Dex-3} for 562 gold pieces
 15463 | D:12     | Found Qeupy's Antique Weapon Shop.
 15471 | D:12     | Bought a twisted long sword for 280 gold pieces
 15471 | D:12     | Identified the +4 long sword of Kaasa {flame, rElec Str+6
                  | Stlth-} (You bought it in a shop on level 12 of the
                  | Dungeon)
 15605 | D:12     | Found the +3 pair of mountain boots {steadfast, rC+}
 15740 | Lair:1   | Entered Level 1 of the Lair of Beasts
 16748 | Lair:1   | Mangled by a six-headed hydra

Illustrated notes

Levels and vault maps discovered:
D:1:      dpeg_arrival_windows_large_door, layout_loops_ring, minmay_domino_2
D:2:      layout_basic, kennysheep_generic_room_8
D:3:      layout_loops_ring, dreamdust_divine_triumvirate,
          lightli_temple_of_fire, kennysheep_vampire_church,
          gammafunk_ghost_nasty_kobolds, st_stairs_13, minmay_mini_jars
D:4:      layout_rooms, amcnicky_altar_gilded, mainiacjoe_overflow_alcove_2
D:5:      minmay_bubble_buster, layout_rooms, gammafunk_ghost_necromancy,
          skrybe_limestone_x, nicolae_specific_store, sigmund_edmund_badplayer
D:6:      layout_basic, old_standard_altar, lemuel_doored_altar, uniq_duvessa
D:7:      layout_cave_pods, temple_statues, dilly_guarded_unrand_devastator,
          uniq_menkaure, uniq_maggie
D:8:      kennysheep_windowed_halls, layout_loops_cross,
          overflow_temple_1_default, lair_entry_dummy, enter_ossuary_1,
          uniq_erica, uniq_jeremiah
D:9:      layout_roguey, uniq_maurice
D:10:     cheibrodos_wizards_tower, layout_rooms,
          nicolae_uskayaw_murder_on_the_dancefloor, led_sif_book,
          nicolae_underground_beach
D:11:     layout_cave_pools, erik_orc_2
D:12:     layout_long_grid, biasface_ghost_orc_armoury, serial_shops, shop,
          shop, shop, nicolae_shop_scrapyard,
          portal_ice_cave_entry_ice_simulacra, hangedman_decor_push
Lair:1:   layout_regular_city, pdpol_lair_cavern_descent, grunt_megastairs_2

Skill      XL: |  1  2  3  4  5  6  7  8  9 10 11 12 13 |
---------------+----------------------------------------+-----
Stealth        | 10 11 12 | 12.6
Shields        | 1 2 3 4 5 7 8 10 11 | 11.8
Invocations    | 1 2 3 4 5 6 7 8 9 |  9.1
Long Blades    | 1 2 3 5 6 7 8 |  8.3
Axes           | 1 2 3 5 6 7 8 |  8.3
Maces & Flails | 1 2 3 5 6 7 8 |  8.3
Polearms       | 1 2 3 5 6 7 8 |  8.3
Staves         | 1 2 3 5 6 7 8 |  8.3
Ranged Weapons | 1 2 3 5 6 7 8 |  8.3
Throwing       | 1 2 3 5 6 7 8 |  8.3
Armour         | 1 2 3 5 6 7 8 |  8.3
Unarmed Combat | 1 2 3 5 6 7 8 |  8.3
Spellcasting   | 1 2 3 5 6 7 8 |  8.3
Evocations     | 1 2 3 5 6 7 8 |  8.3
Shapeshifting  | 1 2 3 4 5 6 7 |  7.6
Conjurations   | 1 2 3 4 5 6 7 |  7.0
Hexes          | 1 2 3 4 5 6 7 |  7.0
Summonings     | 1 2 3 4 5 6 7 |  7.0
Necromancy     | 1 2 3 4 5 6 7 |  7.0
Translocations | 1 2 3 4 5 6 7 |  7.0
Transmutations | 1 2 3 4 5 6 7 |  7.0
Fire Magic     | 1 2 3 4 5 6 7 |  7.0
Ice Magic      | 1 2 3 4 5 6 7 |  7.0
Air Magic      | 1 2 3 4 5 6 7 |  7.0
Earth Magic    | 1 2 3 4 5 6 7 |  7.0
Poison Magic   | 1 2 3 4 5 6 7 |  7.0
Short Blades   | 5 6 7 8 9 |  9.6
Dodging        | 5 6 7 8 9 |  9.6
Fighting       | 7 8 9 10 | 10.6

Action                     |  1- 3 |  4- 6 |  7- 9 | 10-12 | 13-15 || total
---------------------------+-------+-------+-------+-------+-------++-------
  Melee: Short sword       |    92 |   190 |   298 |    24 |       ||   604
         Bite              |     9 |    24 |    25 |    66 |     5 ||   129
         Punch             |       |     4 |     7 |     2 |       ||    13
         Shillelagh        |       |       |       |   447 |    68 ||   515
  Throw: Javelin           |       |       |    10 |     5 |       ||    15
         Dart              |       |       |    13 |       |       ||    13
         Boomerang         |       |       |     3 |    76 |       ||    79
  Evoke: Wand              |       |       |       |     7 |       ||     7
    Use: Scroll            |     1 |     6 |     5 |    10 |     2 ||    24
         Potion            |       |     2 |     2 |     8 |       ||    12
   Stab: Sleeping          |    17 |    28 |    14 |    16 |     4 ||    79
         Distracted        |       |       |       |     8 |     1 ||     9
 Armour: Leather armour    |    20 |    85 |    94 |   214 |    46 ||   459
  Dodge: Dodged            |    44 |    93 |    91 |   311 |    43 ||   582
  Block: Buckler           |       |       |       |   144 |    26 ||   170
   Form: Beast             |     1 |       |       |       |       ||     1

Table legend: (Time is in decaauts)
 A = Elapsed time spent in this place.
 B = Non-inter-level travel time spent in this place.
 C = Inter-level travel time spent in this place.
 D = Time resting spent in this place.
 E = Time spent auto-exploring this place.
 F = Levels seen in this place.
 G = Mean time per level.
                   A        B        C        D        E       F      G
               +--------+--------+--------+--------+--------+-----+--------+
         Total |  16483 |  15802 |    681 |   5154 |   6674 |  15 | 1098.9 |
       Dungeon |  14943 |  14263 |    680 |   4670 |   6128 |  12 | 1245.2 |
          Lair |   1003 |   1003 |      0 |    348 |    515 |   1 | 1003.0 |
       Ossuary |    355 |    355 |      0 |     41 |     31 |   1 |  355.0 |
      Ice Cave |    180 |    180 |      0 |     95 |      0 |   1 |  180.0 |
               +--------+--------+--------+--------+--------+-----+--------+

Top non-repeatable levels by time:
     D:5: 1808 daAuts
    D:12: 1788 daAuts
    D:11: 1569 daAuts
     D:8: 1487 daAuts
     D:7: 1419 daAuts
     D:2: 1384 daAuts
     D:9: 1043 daAuts
     D:3: 1040 daAuts
     D:6: 1021 daAuts
  Lair:1: 1003 daAuts
    D:10: 982 daAuts
     D:4: 703 daAuts
     D:1: 694 daAuts
 Ossuary: 355 daAuts
   IceCv: 180 daAuts
